 Dungeon Crawl Stone Soup version 0.22-a0-565-gfc6459a524 (webtiles) character file.

36 Hercules1031 the Ducker (level 3, -1/17 HPs)
             Began as a Felid Monk on June 29, 2018.
             Slain by a rat (2 damage)
             ... on level 2 of the Dungeon.
             The game lasted 00:04:15 (1209 turns).

Hercules1031 the Ducker (Felid Monk)                Turns: 1209, Time: 00:04:17

Health: -1/17      AC:  1    Str:  7    XL:     3   Next: 19%
Magic:  4/4        EV: 20    Int: 11    God:
Gold:   83         SH:  0    Dex: 19    Spells: 2/2 levels left
                                        Lives:  0   Deaths: 0

rFire    . . .     SeeInvis +     - Unarmed
rCold    . . .     Gourm    .   (shield unavailable)
rNeg     + . .     Faith    .   (armour unavailable)
rPois    .         Spirit   .   (helmet unavailable)
rElec    .         Reflect  .   (cloak unavailable)
rCorr    .         Harm     .   (gloves unavailable)
MR       .....                  (boots unavailable)
Stlth    +++.......             (no amulet)
HPRegen  0.05/turn              b - +3 ring of slaying
MPRegen  0.09/turn              h - ring of positive energy

@: quick
A: very small, no armour, no weapons or thrown items, stealth, claws 1, fangs 3,
see invisible, carnivore, speed 1, shaggy fur 1, slow metabolism 1, sharp paws
a: no special abilities


You were on level 2 of the Dungeon.
You were not hungry.

You visited 1 branch of the dungeon, and saw 2 of its levels.

You collected 83 gold pieces.

Inventory:

Jewellery
 b - a +3 ring of slaying (left paw)
 e - an uncursed ring of magical power
 h - a ring of positive energy (right paw)
Scrolls
 c - 2 scrolls of identify
 d - 2 scrolls of enchant armour {unknown}
 f - a scroll of remove curse {unknown}
 g - 2 scrolls of teleportation {unknown}
 i - a scroll of enchant weapon {unknown}
Comestibles
 a - 6 rations


   Skills:
 + Level 3.2 Fighting
 * Level 4.6 Dodging
 * Level 3.6 Stealth
 + Level 3.3 Unarmed Combat


You had 2 spell levels left.
You didn't know any spells.
Your spell library was empty.

Dungeon Overview and Level Annotations

Branches:
Dungeon (2/15)

Altars:
Trog
The Shining One


Innate Abilities, Weirdness & Mutations

You cannot wear armour.
You are incapable of wielding weapons or throwing items.
Your paws allow you to move quietly. (Stealth)
You have sharp claws.
You have razor-sharp teeth.
You have supernaturally acute eyesight. (SInv)
You are carnivorous and can eat meat at any time.
You cover ground quickly.
You are covered in fur. (AC +1)
You have a slow metabolism.
Your sharp claws are effective at attacking unaware monsters.


Message History

You scratch the worm.
The worm is moderately wounded.
The worm barely misses you.
You claw the worm!
The worm is heavily wounded.
The worm barely misses you.
You scratch the worm.
The worm is severely wounded.
The rat completely misses you. The worm misses you. The rat barely misses you.
The moth of wrath goads the rat on!
The rat goes berserk!
The moth of wrath goads the worm on!
The worm goes berserk!
The worm completely misses you. The worm closely misses you.
You scratch the rat.
The rat is severely wounded.
The rat completely misses you. The worm bites you!
Ouch! That really hurt!
* * * LOW HITPOINT WARNING * * *
The worm closely misses you. The rat bites you.
You die...

###### ##....###
##.......##
#......r@)#
#....#†ww.#
####...###....# ..
##..'...#y#._..# ...
#..##...###..))#
....#..##....#...)##
).......#.........#
##......##^......##
...#.....##....###


You could see a moth of wrath, 2 worms and a rat (berserk).

Vanquished Creatures
  An adder (D:2)
  2 leopard geckos (D:1)
  A ball python (D:1)
  A bat (D:1)
  A giant cockroach (D:2)
  A goblin (D:1)
  2 hobgoblins (D:1)
  4 jackals (D:1)
  3 kobolds
  8 rats
24 creatures vanquished.

Notes
Turn   | Place    | Note
-------+----------+-------------------------------------------
     0 | D:1      | Hercules1031 the Felid Monk began the quest for the Orb.
     0 | D:1      | Reached XP level 1. HP: 10/10 MP: 2/2
   378 | D:1      | Reached XP level 2. HP: 14/14 MP: 3/3
   956 | D:2      | Reached XP level 3. HP: 17/17 MP: 4/4
  1108 | D:2      | Found a faded altar of an unknown god.
  1160 | D:2      | Found a glowing golden altar of the Shining One.
  1191 | D:2      | Noticed a moth of wrath
  1193 | D:2      | Found a bloodstained altar of Trog.
  1209 | D:2      | Slain by a rat

Vault maps used:
D:1:      dpeg_arrival_water_altar, item_on_display_a
D:2:      tso_metal_star, chequers_ecumenical_altar_grove, minmay_misc_feat_iff,
          tgw_trog

Skill      XL: |  1 |
---------------+----+-----
Stealth        | 3 |  3.6
Fighting       | |  3.2
Dodging        | |  4.6
Unarmed Combat | |  3.3

Action                   || total
-------------------------++-------
Melee: Unarmed           ||    41
       Bite              ||     1
  Use: Potion            ||     3
       Scroll            ||     1
 Stab: Sleeping          ||     7
Armor: Skin              ||     1
Dodge: Dodged            ||    31

Table legend:
 A = Spawn XP
 B = Non-spawn XP
 C = Spawn XP percentage of total XP
 D = Spawn monster count
 E = Non-spawn monster count
 F = Spawn count percentage of total count
 G = Total turns spent on level
                    A         B        C        D         E        F      G
               +---------+---------+-------+---------+---------+-------+---------
         Total |       0 |      52 |   0.0 |       0 |      24 |   0.0 |  1209
               +---------+---------+-------+---------+---------+-------+---------
           D:1 |       0 |      29 |   0.0 |       0 |      15 |   0.0 |   946
           D:2 |       0 |      23 |   0.0 |       0 |       9 |   0.0 |   263
               +---------+---------+-------+---------+---------+-------+---------
